 Dungeon Crawl Stone Soup version 0.19.5 (webtiles) character file.

113 Inarius the Shield-Bearer (level 4, -1/40 HPs)
             Began as a Minotaur Fighter on Apr 8, 2017.
             Slain by an orc wizard
             ... wielding a +1 dagger of pain
              (2 damage)
             ... on level 3 of the Dungeon on Apr 9, 2017.
             The game lasted 00:11:57 (2197 turns).

Inarius the Shield-Bearer (Minotaur Fighter)        Turns: 2197, Time: 00:11:58

Health: -1/40      AC:  8    Str: 17 (20) XL:     4   Next: 65%
Magic:  3/3        EV: 12    Int:  4 (5)  God:
Gold:   142        SH:  9    Dex: 14 (16) Spells: 0 memorised, 3 levels left

rFire  . . .     SeeInvis .     a - +0 war axe
rCold  . . .     Gourm    .     b - +0 scale mail
rNeg   . . .     Faith    .     c - +0 shield
rPois  .         Spirit   .     (helmet restricted)
rElec  .         Reflect  .     (no cloak)
rCorr  .         Harm     .     y - +0 pair of gloves
MR     .....                    (no boots)
Stlth  +.........               (no amulet)
                                (no ring)
                                (no ring)

@: agile
A: retaliatory headbutt, horns 2
a: no special abilities


You were on level 3 of the Dungeon.
You were not hungry.

You visited 1 branch of the dungeon, and saw 3 of its levels.

You collected 142 gold pieces.

Inventory:

Hand Weapons
 a - a +0 war axe (weapon)
 u - a +0 hunting sling
 v - a +0 blowgun
Missiles
 p - 48 stones (quivered)
 w - 10 poisoned needles
Armour
 b - a +0 scale mail (worn)
 c - a +0 shield (worn)
 y - a +0 pair of gloves (worn)
Scrolls
 i - 2 scrolls of identify
 j - 2 scrolls of remove curse
 l - a scroll of teleportation
 m - a scroll of blinking {unknown}
 r - a scroll of recharging {unknown}
 x - a scroll of magic mapping {unknown}
Potions
 d - 2 potions of might
 e - a potion of berserk rage {unknown}
 h - 2 potions of magic
 k - a potion of heal wounds {unknown}
 o - a potion of mutation {unknown}
 s - a potion of agility
Comestibles
 f - 3 bread rations
 g - 3 meat rations
 n - 4 fruits
 q - 6 chunks of flesh


   Skills:
 + Level 4.1 Fighting
 + Level 3.5 Axes
 + Level 0.2(0.3) Slings
 + Level 0.2 Throwing
 + Level 4.6 Armour
 + Level 0.4 Dodging
 + Level 4.7 Shields


You had 3 spell levels left.
You didn't know any spells.

Dungeon Overview and Level Annotations

Branches:
Dungeon (3/15)

Altars:
Vehumet


Innate Abilities, Weirdness & Mutations

You reflexively headbutt those who attack you in melee.
You have a pair of horns on your head.


Message History

The orc hits you from afar with a trident!
* * * LOW HITPOINT WARNING * * *
Something hits you.
* * * LOW HITPOINT WARNING * * *
It was a potion of magic.
Magic courses through your body. You block the orc's attack.
Something hits you but does no damage.
You writhe in agony.
* * * LOW HITPOINT WARNING * * *
It was a potion of agility.
You feel agile all of a sudden. You block the orc's attack.
You block something's attack.
You hit something. The orc barely misses you. Something hits you.
* * * LOW HITPOINT WARNING * * *
You writhe in agony.
* * * LOW HITPOINT WARNING * * *
It was a potion of degeneration.
There was something very wrong with that liquid.
You feel weakened.
You feel dopey.
You feel clumsy. Something hits you but does no damage.
You writhe in agony.
You die...

..#o####.#.##.##...#.#......#...#
##().....#.##.##...#.#...........
#.......#.#...#...#.#.##...#...#
#.......#)#...#...#.#.##.)###.##
##+####.#.#...#####.#.###..#...#
#.#.##o## #.#.# #...._.. #.#.##.#
#.#.# #..#...# #.#.##.######.#.#
#.###.## .#....o{@....#.#
#..#...# ####.########.# #.......
#.# #......# ####.#.# #.#
#.###### #)#.# #.# #.# #.#.# #.#
#.# #.#.. #.###.### #.##.
#.......# #.##. #####.#.# #.##.


You could see an orc.

Vanquished Creatures
  Jessica (D:2)
  3 adders (D:2)
  A worm (D:3)
  A dart slug (D:1)
  A leopard gecko (D:1)
  2 orcs (D:3)
  2 giant cockroaches
  3 hobgoblins
  11 jackals
  7 kobolds
  5 bats
  4 frilled lizards
  6 goblins
  2 rats
49 creatures vanquished.

Notes
Turn   | Place    | Note
-------+----------+-------------------------------------------
     0 | D:1      | Inarius the Minotaur Fighter began the quest for the Orb.
     0 | D:1      | Reached XP level 1. HP: 19/19 MP: 0/0
    93 | D:1      | Reached XP level 2. HP: 26/27 MP: 1/1
   842 | D:2      | Reached XP level 3. HP: 33/33 MP: 2/2
  1272 | D:2      | Noticed Jessica
  1281 | D:2      | Killed Jessica
  1281 | D:2      | Reached XP level 4. HP: 40/40 MP: 3/3
  1656 | D:3      | Found a radiant altar of Vehumet.
  2196 | D:3      | HP: 2/40 [something (2)]
  2197 | D:3      | Slain by an orc wizard

Skill      XL: |  1  2  3 |
---------------+----------+-----
Shields        | 4 |  4.7
Armour         | 4 |  4.6
Fighting       | 4 |  4.1
Axes           | 3 |  3.5
Slings         | |  0.2
Throwing       | |  0.2
Dodging        | |  0.4

Action                   |  1- 3 |  4- 6 || total
-------------------------+-------+-------++-------
Melee: War axe           |    62 |    59 ||   121
       Headbutt          |    11 |     7 ||    18
 Fire: Hunting sling     |       |    19 ||    19
Throw: Stone             |    17 |     7 ||    24
  Use: Scroll            |     2 |       ||     2
       Potion            |       |     3 ||     3
  Eat: Chunk             |     1 |     3 ||     4
Armor: Scale mail        |    41 |    41 ||    82
Dodge: Dodged            |    14 |    22 ||    36
Block: Shield            |    38 |    29 ||    67
